 Dungeon Crawl Stone Soup version 0.27-a0-1557-g57f10a385c (webtiles) character file.

Game seed: 385371521369962653

99 lunkers the Ruffian (level 4, -2/36 HPs)
             Began as a Ghoul Warper on July 15, 2021.
             Slain by a black bear (5 damage)
             ... on level 2 of the Dungeon.
             The game lasted 00:04:21 (2292 turns).

lunkers the Ruffian (Ghoul Warper)                  Turns: 2292, Time: 00:04:22

Health: -2/36      AC:  7    Str: 15    XL:     4   Next: 72%
Magic:  5/5        EV: 10    Int:  8    God:
Gold:   93         SH:  0    Dex:  8    Spells: 6/6 levels left

rFire    . . .     SeeInvis .     - Unarmed
rCold    + . .     Faith    .   (no shield)
rNeg     + + +     Spirit   .   r - +0 ring mail
rPois    ∞         Reflect  .   (no helmet)
rElec    .         Harm     .   (no cloak)
rCorr    .         Rampage  .   (no gloves)
Will     .....                  p - +1 pair of boots
Stlth    ..........             (no amulet)
HPRegen  0.00/turn              (no ring)
MPRegen  0.09/turn              (no ring)

@: no status effects
A: claws 1, cold resistance 1, negative energy resistance 3, inhibited
regeneration, torment resistance 2
a: no special abilities


You were on level 2 of the Dungeon.
You visited 1 branch of the dungeon, and saw 3 of its levels.

You collected 93 gold pieces.

Inventory:

Missiles
 c - 2 boomerangs of dispersal
 i - 15 stones (quivered)
Armour
 a - a +0 leather armour
 p - a +1 pair of boots (worn)
 q - a +0 chain mail
 r - a +0 ring mail (worn)
Jewellery
 s - an amulet of regeneration
Wands
 v - a wand of iceblast (7)
Scrolls
 f - a scroll of acquirement {unknown}
 g - 2 scrolls of identify {unknown}
 h - a scroll of noise {unknown}
 t - a scroll of enchant weapon {unknown}
 u - a scroll of teleportation {unknown}
Potions
 d - a potion of invisibility {unknown}
 e - a potion of magic {unknown}
 j - a potion of berserk rage {unknown}
 k - a potion of flight {unknown}
 l - 2 potions of haste {unknown}
 m - a potion of resistance {unknown}
 n - 2 potions of degeneration {unknown}
 o - a potion of might {unknown}


   Skills:
 - Level 2.1 Fighting
 - Level 0.8 Throwing
 - Level 0.8 Armour
 - Level 1.7 Dodging
 * Level 5.2 Unarmed Combat
 - Level 1.7 Spellcasting
 - Level 2.6 Translocations


You had 6 spell levels left.
You didn't know any spells.
Your spell library contained the following spells:

 Spells                   Type           Power      Damage    Failure   Level
 Blink                    Tloc           N/A        N/A       36%         2
 Gell's Gravitas          Tloc           2%         N/A       58%         3
 Lesser Beckoning         Tloc           2%         N/A       58%         3
 Teleport Other           Tloc           5%         N/A       58%         3
 Manifold Assault         Tloc           5%         N/A       100%        5


Dungeon Overview and Level Annotations

Branches:
Dungeon (3/15)

Altars:


Innate Abilities, Weirdness & Mutations

You thrive by killing the living.
You are immune to poison.
You have sharp fingernails.
Your flesh is cold resistant. (rC+)
You are immune to negative energy. (rN+++)
You do not regenerate when monsters are visible.
You are immune to unholy pain and torment.


Message History

Aim: a black bear (severely wounded, 62% to hit)
You throw a boomerang of dispersal.
The boomerang of dispersal hits the black bear.
The black bear blinks!
The orc hits you with a +0 hand axe.
* * * LOW HITPOINT WARNING * * *
The black bear goes berserk!
The black bear bites you but does no damage.
The black bear closely misses you.
The black bear claws you but does no damage.
Blink to where?
Press: ? - help, Dir - move target, p - black bear
As you read the scroll of blinking, it crumbles to dust.
The black bear closely misses you. The black bear claws you.
* * * LOW HITPOINT WARNING * * *
The black bear claws you but does no damage.
You climb upwards.
There is a stone staircase leading down here.
Throw: 4 boomerangs (disperse)
Press: ? - help, Shift-Dir - straight line, f - black bear
Aim: a black bear (severely wounded, berserk, 62% to hit)
You throw a boomerang of dispersal.
The boomerang of dispersal barely misses the black bear.
The black bear bites you.
* * * LOW HITPOINT WARNING * * *
The black bear closely misses you. The black bear misses you.
The black bear barely misses you. x2
The black bear claws you but does no damage.
Throw: 3 boomerangs (disperse)
Press: ? - help, Shift-Dir - straight line, f/p - black bear
Aim: a black bear (severely wounded, berserk, 62% to hit)
You throw a boomerang of dispersal.
The boomerang of dispersal hits the black bear but does no damage.
The black bear is severely wounded.
The black bear bites you but does no damage.
The black bear completely misses you.
The black bear claws you but does no damage.
The black bear bites you but does no damage.
The black bear claws you.
You die...

###### #######...^#
#....#..#.##
.....#....#
#.......###
.......## ......##
##### #### ###.###
##...###..# # #.#
#.@##....## # #.#
##.h...#### ###.#
####....###
#...#######.....###
#.####........###
..#.........###
...).#####.##
..#######..#
...#......##


You could see a black bear (berserk).

Vanquished Creatures
  3 adders (D:2)
  2 worms
  7 orcs (D:3)
  2 bats
  6 endoplasms
  A giant cockroach (D:3)
  5 hobgoblins
  5 jackals (D:2)
  6 ball pythons
  3 frilled lizards
  5 goblins
  5 kobolds
  8 rats
58 creatures vanquished.

Notes
Turn   | Place    | Note
-------+----------+-------------------------------------------
     0 | D:1      | lunkers the Ghoul Warper began the quest for the Orb.
     0 | D:1      | Reached XP level 1. HP: 17/17 MP: 2/2
   270 | D:1      | Reached XP level 2. HP: 23/24 MP: 3/3
   401 | D:1      | Reached skill level 3 in Unarmed Combat
   660 | D:1      | Found a faded altar of an unknown god.
  1041 | D:2      | Reached skill level 4 in Unarmed Combat
  1041 | D:2      | Reached XP level 3. HP: 24/29 MP: 4/4
  1522 | D:2      | Reached XP level 4. HP: 28/36 MP: 5/5
  2000 | D:3      | Reached skill level 5 in Unarmed Combat
  2035 | D:3      | Noticed a black bear
  2292 | D:2      | Slain by a black bear

Illustrated notes

Levels and vault maps discovered:
D:1:      minmay_arrival_doors, layout_basic, basic_ecumenical_altar,
          hangedman_decor_growths
D:2:      layout_rooms, chequers_serial_rivers_room_a,
          chequers_serial_rivers_micro_c
D:3:      layout_loops_ring

Skill      XL: |  1  2  3  4 |
---------------+-------------+-----
Unarmed Combat | 4 5 |  5.2
Fighting       | |  2.1
Throwing       | |  0.8
Armour         | |  0.8
Dodging        | |  1.7
Spellcasting   | |  1.7
Translocations | |  2.6

Action                   |  1- 3 |  4- 6 || total
-------------------------+-------+-------++-------
Melee: Unarmed           |   122 |    76 ||   198
       Punch             |     2 |       ||     2
Throw: Stone             |    17 |    19 ||    36
       Boomerang         |       |     3 ||     3
  Use: Scroll            |       |     1 ||     1
Armor: Leather armour    |    35 |     7 ||    42
       Ring mail         |       |    26 ||    26
Dodge: Dodged            |    81 |    44 ||   125

Table legend: (Time is in decaauts)
 A = Elapsed time spent in this place.
 B = Non-inter-level travel time spent in this place.
 C = Inter-level travel time spent in this place.
 D = Time resting spent in this place.
 E = Time spent auto-exploring this place.
 F = Levels seen in this place.
 G = Mean time per level.
                   A        B        C        D        E       F      G
               +--------+--------+--------+--------+--------+-----+--------+
         Total |   2281 |   2198 |     83 |     46 |   1637 |   3 |  760.3 |
       Dungeon |   2281 |   2198 |     83 |     46 |   1637 |   3 |  760.3 |
               +--------+--------+--------+--------+--------+-----+--------+

Top non-repeatable levels by time:
     D:2: 1058 daAuts
     D:1: 815 daAuts
     D:3: 407 daAuts
